 Dungeon Crawl Stone Soup version 0.31.0-32-g396128a36d (webtiles) character file.

Game seed: 4822052215386145335

128848 Henri the Warrior (level 17, -2/115 HPs)
             Began as a Gargoyle Fighter on Apr 7, 2024.
             Was the Champion of Zin.
             Incinerated by a sun moth (11 damage)
             ... with a flurry of pyrophoric scales
             ... on level 1 of the Spider Nest on Apr 8, 2024.
             The game lasted 01:17:49 (30888 turns).

Henri the Warrior (Gargoyle Fighter)               Turns: 30888, Time: 01:17:49

Health: -2/115     AC: 51    Str: 28    XL:     17   Next: 4%
Magic:  25/25      EV: 11    Int: 23    God:    Zin [******]
Gold:   1789       SH: 13    Dex:  8    Spells: 16/16 levels left

rFire   . . .        i - +7 morningstar (protect)
rCold   . . .        T - +2 buckler {AC+3}
rNeg    + . .        M - +1 chain mail of the Lotus Blossom {Int+8 Dex-4 Slay+3 Stlth+}
rPois   ∞            N - +1 helmet {Int+3}
rElec   +            q - +1 cloak
rCorr   .            x - +2 pair of gloves
SInv    .            d - +0 pair of boots
Will    ++...        e - amulet of reflection
Stlth   +            B - ring of willpower
HPRegen 0.39/turn    O - ring "Gatodeat" {Fly AC+4 Int+3 Dex+3}
MPRegen 0.19/turn

%: reflection
@: on fire, under a protective aura, flying, glowing
A: sickness immunity, AC +12, big wings, negative energy resistance 1,
electricity resistance, torment resistance 1, petrification resistance
a: Renounce Religion, Recite, Vitalisation, Imprison, Sanctuary, Donate Gold


You were on level 1 of the Spider Nest.
You worshipped Zin.
Zin was exalted by your worship.
You visited 5 branches of the dungeon, and saw 24 of its levels.
You also visited: Sewer, Bailey and Ice Cave.

You collected 2704 gold pieces.
You spent 710 gold pieces at shops.
You donated 205 gold pieces to Zin.

Inventory:

Hand Weapons
 i - a +7 morningstar of protection (weapon)
Missiles
 g - 4 javelins
 L - a throwing net (quivered)
Armour
 d - a +0 pair of boots (worn)
 q - a +1 cloak (worn)
 s - a +3 scale mail of cold resistance
 x - a +2 pair of gloves (worn)
 M - the +1 chain mail of the Lotus Blossom (worn) {Int+8 Dex-4 Slay+3 Stlth+}
   (You bought it in a shop on level 11 of the Dungeon)

   Int+8:     It affects your intelligence (+8).
   Dex-4:     It affects your dexterity (-4).
   Slay+3:    It affects your accuracy & damage with ranged weapons and melee
   (+3).
   Stlth+:    It makes you more stealthy.
 N - a +1 helmet of intelligence (worn)
 T - a +2 buckler of protection (worn)
Jewellery
 c - a ring of protection from cold
 e - an amulet of reflection (around neck)
 k - a ring of ice
 B - a ring of willpower (left hand)
 O - the ring "Gatodeat" (right hand) {Fly AC+4 Int+3 Dex+3}
   (You bought it in a shop on level 11 of the Dungeon)

   [ring of protection]

   AC+4:      It affects your AC (+4).
   Int+3:     It affects your intelligence (+3).
   Dex+3:     It affects your dexterity (+3).
   Fly:       It grants you flight.
Wands
 n - a wand of mindburst (21)
 p - a wand of iceblast (33)
 E - a wand of digging (9)
 P - a wand of quicksilver (21)
Scrolls
 f - 19 scrolls of teleportation
 m - 2 scrolls of amnesia {unknown}
 o - 3 scrolls of summoning {unknown}
 r - a scroll of acquirement {unknown}
 t - 4 scrolls of poison
 u - a scroll of fog {unknown}
 v - a scroll of brand weapon {unknown}
 w - 4 scrolls of fear
 y - 2 scrolls of torment {unknown}
 F - a scroll of revelation {unknown}
 I - 4 scrolls of blinking
 R - a scroll of identify
Potions
 a - 3 potions of might
 b - 3 potions of magic
 h - a potion of heal wounds
 j - 16 potions of curing
 l - 4 potions of ambrosia
 z - 3 potions of brilliance
 A - 3 potions of cancellation
 C - 5 potions of haste
 G - a potion of enlightenment
 H - 2 potions of invisibility
 J - 3 potions of resistance
 K - 4 potions of attraction
 Q - a potion of berserk rage
Miscellaneous
 D - a sack of spiders
 S - a phial of floods


   Skills:
 + Level 16.2 Fighting
 - Level 16.0 Maces & Flails
 + Level 14.1 Armour
 + Level 8.2 Dodging
 - Level 5.0 Stealth
 + Level 11.3 Shields
 + Level 11.3 Invocations


You had 16 spell levels left.
You didn't know any spells.
Your spell library contained the following spells:

 Spells                   Type           Power      Damage    Failure   Level
 Foxfire                  Conj/Fire      0%         2x1d4     47%         1
 Freeze                   Ice            0%         1d3       47%         1
 Magic Dart               Conj           0%         1d3       47%         1
 Summon Small Mammal      Summ           0%         N/A       47%         1
 Mercury Vapours          Alch/Air       0%         N/A       63%         2
 Searing Ray              Conj           0%         2d4       63%         2
 Call Canine Familiar     Summ           0%         N/A       85%         3
 Frozen Ramparts          Ice            0%         1d1       85%         3
 Hailstorm                Conj/Ice       0%         3d5       85%         3
 Mephitic Cloud           Conj/Alch/Air  0%         N/A       85%         3
 Summon Ice Beast         Ice/Summ       0%         N/A       85%         3
 Volatile Blastmotes      Fire/Tloc      0%         2d10      85%         3
 Fulminant Prism          Conj/Alch      0%         3d5       99%         4
 Ignite Poison            Fire/Alch      0%         N/A       99%         4
 Iskenderun's Mystic Bla  Conj/Tloc      0%         2d3       99%         4
 Summon Blazeheart Golem  Fire/Summ      0%         N/A       99%         4
 Freezing Cloud           Conj/Ice/Air   0%         6-21      100%        5
 Plasma Beam              Fire/Air       0%         2x1d10    100%        6
 Sculpt Simulacrum        Ice/Alch       0%         N/A       100%        6
 Starburst                Conj/Fire      0%         6d3       100%        6
 Cigotuvi's Dreadful Rot  Necr/Alch/Air  Unusable   N/A       N/A         2

Dungeon Overview and Level Annotations

Branches:
Dungeon (15/15)            Temple (1/1) D:6            Lair (5/5) D:8
  Swamp (0/4) Lair:3       Spider (1/4) Lair:3        Slime (0/5) Lair:5
    Orc (2/2) D:9             Elf (0/3) Orc:2        Vaults (0/5) D:14
 Depths (0/4) D:15          Sewer (visited)          Bailey (visited)
  IceCv (visited)

Altars:
Ashenzari
Cheibriados
Dithmenos
Elyvilon
Fedhas
Gozag
Hepliaklqana
Kikubaaqudgha
Makhleb
Nemelex Xobeh
Okawaru
Qazlal
Ru
Sif Muna
Trog
Uskayaw
Vehumet
Wu Jian
Xom
Yredelemnul
Zin
The Shining One
Jiyva

Shops:
D:8 *   D:10 *   D:11 ***[   Orc:2 *[(*

Portals:
Trove: D:15 (give +3 storm dragon scales)

Annotations:
D:11 artefacts
Orc:2 plate armor


Innate Abilities, Weirdness & Mutations

You are immune to sickness and miasma.
Your stone body is resilient. (AC +12)
You are immune to poison.
Your large and strong wings let you fly.
You resist negative energy. (rN+)
You are resistant to electric shocks. (rElec)
You are resistant to unholy torment.
You are immune to petrification.


Message History

The liquid fire burns you!
The redback bites you but does no damage.
The sun moth bites you but does no damage.
Unknown command.
You thump the sun moth!
The sun moth is severely wounded.
The liquid fire burns you! The redback closely misses you.
The sun moth bites you!
Unknown command.
You impale the sun moth!!
You kill the sun moth!
The liquid fire burns you! You block the redback's attack.
Unknown command.
You shake off some of the fire as you move.
The liquid fire burns you! The redback attacks as it pursues you!
The redback bites you but does no damage.
The redback bites you!
* * * LOW HITPOINT WARNING * * *
You puncture the redback!
The redback is heavily wounded.
The liquid fire burns you!
* * * LOW HITPOINT WARNING * * *
The redback barely misses you.
Unknown command.
You feel much better. The liquid fire burns you!
* * * LOW HITPOINT WARNING * * *
The redback bites you but does no damage.
You impale the redback!!
You kill the redback!
The liquid fire burns you!
* * * LOW HITPOINT WARNING * * *
You shake off some of the fire as you move.
The liquid fire burns you!
* * * LOW HITPOINT WARNING * * *
You shake off some of the fire as you move.
The liquid fire burns you!
You die...

#.....#^.###...###...
####..#..####..##..##
##...###.....##...
##.###...##..##^.
#######..#...#### ##
###...#....#....##.
###..#.#...#...####.....
#........#...### #...>^
....##.#@.##..# ####.# #
########## ###


There were no monsters in sight!

Vanquished Creatures
  Rupert (D:15)
  Kirke (D:15)
  A ghost moth (Spider:1)
  An orc warlord (Bailey)
  A reaper (IceCv)
  A dire elephant (Lair:5)
  Josephine (Orc:1)
  A fire dragon (D:15)
  2 entropy weavers
  An ice dragon (D:15)
  A catoblepas (Lair:5)
  Erolcha (Orc:2)
  6 hydras
  2 ogre magi (Orc:2)
  11 two-headed ogres
  5 centaur warriors
  3 boulder beetles
  2 death knights
  A deep troll shaman (Lair:5)
  4 death yaks (Lair:5)
  8 demonic crawlers (Spider:1)
  3 tengu warriors (D:14)
  Urug (Orc:1)
  6 skeletal warriors (D:15)
  A pharaoh ant (Spider:1)
  A sun moth (Spider:1)
  3 wolf spider zombies (D:15)
  2 deep trolls (Orc:2)
  A phantasmal warrior (D:14)
  The ghost of Ulv the Cleaver, a novice MiBe of Trog (D:7)
  A steelbarb worm (Spider:1)
  4 deep elf pyromancers
  An orc sorcerer (Orc:2)
  5 wolf spiders
  12 ugly things
  An oklob plant (Lair:5)
  3 manticores
  6 centaur zombies (D:15)
  8 elephants
  5 cyclopes
  3 meliai
  3 ice statues
  5 black mambas
  14 cane toads
  A kobold demonologist (D:12)
  A torpor snail (Lair:3)
  6 rime drakes
  14 komodo dragons
  3 freezing wraiths
  A redback zombie (D:15)
  7 ice devils (IceCv)
  4 anaconda simulacra (IceCv)
  A tengu conjurer (D:14)
  7 polar bears
  11 trolls
  6 tarantellas
  A tyrant leech (Lair:3)
  Prince Ribbit (D:5)
  7 dream sheep (Lair:4)
  32 blink frogs
  5 culicivoras (Spider:1)
  8 jumping spiders (Spider:1)
  9 wraiths
  A jumping spider (shapeshifter) (D:14)
  2 dire elephant simulacra (IceCv)
  2 slime creatures (D:12)
  2 shadows (D:11)
  A vampire (D:12)
  9 wyverns
  2 hogs (D:15)
  53 yaks
  10 basilisks
  A steam dragon (Lair:2)
  5 wargs
  Menkaure (D:6)
  3 harpy simulacra (IceCv)
  16 redbacks
  2 swamp worms (Lair:3)
  2 acid dragons
  A hell hound (Lair:4)
  Duvessa (D:4)
  A hydra simulacrum (IceCv)
  9 water moccasins
  15 orc warriors
  A swamp drake (D:8)
  5 ice beasts
  A sky beast (D:8)
  3 black bears
  5 wolves (Lair:5)
  22 ogres
  A boggart (shapeshifter) (D:14)
  12 centaurs
  13 kobold brigands
  A phantom (D:5)
  8 bullfrogs
  8 scorpions
  A gnoll sergeant (D:9)
  2 cane toad simulacra (IceCv)
  5 wights
  Dowan (D:4)
  12 killer bees
  4 howler monkeys
  An electric eel (D:11)
  9 jellies
  12 orc priests
  8 hounds
  2 iguanas (D:5)
  Terence (D:3)
  15 orc wizards
  A boggart zombie (D:15)
  13 hell rats
  Robin (D:4)
  3 gnolls (D:9)
  16 adders
  A naga simulacrum (IceCv)
  4 river rats
  A shadow imp (D:6)
  7 white imps
  8 dart slugs
  3 ribbon worms
  62 orcs
  13 endoplasms
  8 giant cockroaches
  22 goblins
  14 hobgoblins
  6 quokkas
  17 ball pythons
  9 bats
  6 frilled lizards
  26 kobolds
  24 rats
827 creatures vanquished.

Vanquished Creatures (others)
  4 humans (D:15)
  An orc wizard (D:4)
5 creatures vanquished.

Grand Total: 832 creatures vanquished

Notes
Turn   | Place    | Note
-------+----------+-------------------------------------------
     0 | D:1      | Henri the Gargoyle Fighter began the quest for the Orb.
     0 | D:1      | Reached XP level 1. HP: 14/14 MP: 1/1
   130 | D:1      | Reached XP level 2. HP: 19/19 MP: 2/2
   331 | D:1      | Reached XP level 3. HP: 23/23 MP: 3/3
   573 | D:1      | You fall into a shaft and drop 1 floor!
   942 | D:2      | Reached XP level 4. HP: 28/28 MP: 2/4
  1480 | D:2      | Reached skill level 5 in Maces & Flails
  1627 | D:3      | Reached XP level 5. HP: 31/32 MP: 5/5
  2446 | D:3      | Noticed Terence
  2467 | D:3      | Killed Terence
  2699 | D:4      | Noticed Robin
  2837 | D:4      | Killed Robin
  2897 | D:4      | Reached XP level 6. HP: 15/38 MP: 4/6
  3165 | D:4      | Noticed Dowan
  3440 | D:4      | Noticed Duvessa
  3459 | D:4      | Killed Duvessa
  3460 | D:4      | Reached XP level 7. HP: 43/44 MP: 7/7
  3477 | D:4      | Killed Dowan
  3719 | D:5      | Entered Level 5 of the Dungeon
  3982 | D:5      | Reached skill level 5 in Fighting
  3982 | D:5      | Reached skill level 5 in Armour
  4025 | D:5      | Found a sparkling altar of Nemelex Xobeh.
  4026 | D:5      | Found a snail-covered altar of Cheibriados.
  4027 | D:5      | Found a hazy altar of Hepliaklqana.
  4028 | D:5      | Found an iron altar of Okawaru.
  4058 | D:5      | Noticed Prince Ribbit
  4094 | D:5      | Killed Prince Ribbit
  4095 | D:5      | Reached XP level 8. HP: 29/50 MP: 5/8
  4636 | D:6      | Found a glowing drain.
  4694 | Sewer    | Entered a sewer
  5087 | Sewer    | Reached XP level 9. HP: 38/56 MP: 7/9
  5558 | D:6      | Found a staircase to the Ecumenical Temple.
  5566 | Temple   | Entered the Ecumenical Temple
  5571 | Temple   | Became a worshipper of Zin the Law-Giver
  5571 | Temple   | Reached * piety under Zin
  5789 | D:6      | Noticed Menkaure
  5795 | D:6      | Killed Menkaure
  6135 | D:7      | Reached skill level 5 in Shields
  6172 | D:7      | Found a runed translucent gate.
  6173 | D:7      | Found a runed translucent gate.
  6178 | D:7      | Found a runed translucent gate.
  6181 | D:7      | Noticed Ulv's ghost (novice MiBe)
  6229 | D:7      | Found an ornate altar of the Wu Jian Council.
  6322 | D:7      | Found an opulent altar of Gozag.
  6404 | D:7      | Reached skill level 1 in Dodging
  6499 | D:7      | Reached skill level 10 in Maces & Flails
  6717 | D:7      | Reached ** piety under Zin
  6721 | D:7      | Found a shimmering blue altar of Sif Muna.
  7461 | D:8      | Reached skill level 1 in Invocations
  7529 | D:8      | Found Zoseops's General Store.
  7543 | D:8      | Bought a scroll of identify for 22 gold pieces
  7595 | D:8      | Reached XP level 10. HP: 32/64 MP: 6/11
  7805 | D:8      | Noticed a two-headed ogre
  8379 | D:8      | Found a staircase to the Lair.
  8392 | D:8      | Reached *** piety under Zin
  9278 | D:9      | Found a staircase to the Orcish Mines.
  9583 | D:9      | Found a shadowy altar of Dithmenos.
  9583 | D:9      | Found a stormy altar of Qazlal.
  9913 | D:10     | Entered Level 10 of the Dungeon
  9913 | D:10     | Noticed a manticore
  9922 | D:10     | Killed a manticore
  9934 | D:10     | Reached **** piety under Zin
  9946 | D:10     | Found Vilaraim's General Store.
  9954 | D:10     | Bought a +2 pair of gloves for 165 gold pieces
 10053 | D:10     | Reached skill level 5 in Invocations
 10068 | D:10     | Reached XP level 11. HP: 48/71 MP: 11/14
 10258 | D:10     | Found a flagged portal.
 10267 | Bailey   | Entered a bailey
 10321 | Bailey   | Noticed an orc warlord
 10448 | Bailey   | Found a runed translucent gate.
 10450 | Bailey   | Found a runed translucent gate.
 10454 | Bailey   | Found a runed translucent gate.
 10571 | Bailey   | Killed an orc warlord
 10572 | Bailey   | Reached skill level 10 in Fighting
 10601 | Bailey   | Reached XP level 12. HP: 55/80 MP: 13/15
 10965 | D:10     | Noticed a two-headed ogre
 11995 | D:11     | Noticed a boulder beetle
 12028 | D:11     | Killed a boulder beetle
 12281 | D:11     | Found Afucoun's Antique Armour Shoppe.
 12301 | D:11     | Identified the +0 leather armour "Efoliehu" {rN+ Slay+2}
 12319 | D:11     | Reached ***** piety under Zin
 12344 | D:11     | Bought a heavily runed chain mail for 332 gold pieces
 12344 | D:11     | Identified the +1 chain mail of the Lotus Blossom {Int+8
                  | Dex-4 Slay+3 Stlth+} (You bought it in a shop on level 11
                  | of the Dungeon)
 12384 | D:11     | Found Lahoeny's Assorted Antiques.
 12415 | D:11     | Found Kucre's General Store.
 12585 | D:11     | Found Decewk's General Store.
 12589 | D:11     | Bought a scroll of identify for 26 gold pieces
 12757 | D:12     | Found a broken altar of Ashenzari.
 12818 | D:12     | Reached skill level 15 in Maces & Flails
 13004 | D:12     | Noticed a two-headed ogre
 13771 | D:12     | Killed a two-headed ogre
 13866 | D:11     | Bought a transparent marble ring for 165 gold pieces
 13866 | D:11     | Identified the ring "Gatodeat" {Fly AC+4 Int+3 Dex+3} (You
                  | bought it in a shop on level 11 of the Dungeon)
 14012 | Lair:1   | Entered Level 1 of the Lair of Beasts
 14053 | Lair:1   | Reached XP level 13. HP: 86/86 MP: 16/16
 14500 | Lair:1   | Identified the +2 ring mail of the Wilderness {rElec Dex+3
                  | Stlth+}
 16173 | Lair:2   | Reached skill level 10 in Armour
 16981 | Lair:3   | Found a hole to the Spider Nest.
 17405 | Lair:3   | Found a staircase to the Swamp.
 17722 | Lair:4   | Gained mutation: Your large and strong wings let you fly.
                  | [Gargoyle growth]
 17722 | Lair:4   | Reached XP level 14. HP: 92/94 MP: 18/18
 18016 | Lair:4   | Found a frozen archway.
 18039 | IceCv    | Entered an ice cave
 18356 | IceCv    | Reached skill level 1 in Stealth
 18781 | IceCv    | Noticed a reaper
 18794 | IceCv    | Killed a reaper
 19000 | Lair:4   | Reached ****** piety under Zin
 19741 | Orc:1    | Entered Level 1 of the Orcish Mines
 19757 | Orc:1    | Noticed Josephine
 19767 | Orc:1    | Killed Josephine
 20127 | Orc:2    | Entered Level 2 of the Orcish Mines
 20127 | Orc:2    | Noticed Urug
 20148 | Orc:1    | Killed Urug
 20769 | Orc:2    | Found a staircase to the Elven Halls.
 20782 | Orc:2    | Found a burning altar of Makhleb.
 21010 | Orc:2    | Noticed Erolcha
 21183 | Orc:2    | Found Qomu's General Store.
 21316 | Orc:2    | Killed Erolcha
 21472 | Orc:2    | Reached skill level 5 in Dodging
 22070 | Orc:2    | Reached XP level 15. HP: 84/101 MP: 21/21
 22207 | Orc:2    | Reached skill level 5 in Stealth
 22310 | Orc:2    | Found Ongiuhac's Armour Shop.
 22312 | Orc:2    | Found Uvum's Weapon Emporium.
 22332 | Orc:2    | Found Tuceu's General Store.
 23819 | D:13     | Found a hazy altar of Hepliaklqana.
 23998 | D:14     | Found a gate to the Vaults.
 25193 | D:14     | Reached skill level 15 in Fighting
 25383 | D:15     | Entered Level 15 of the Dungeon
 26067 | D:15     | Found a portal to a secret trove of treasure.
 26425 | D:15     | Noticed Kirke
 26430 | D:15     | Noticed Rupert
 26437 | D:15     | Killed Kirke
 26456 | D:15     | Killed Rupert
 26476 | D:15     | Reached XP level 16. HP: 47/108 MP: 23/23
 26663 | D:15     | Found a staircase to the Depths.
 27109 | D:15     | Reached skill level 10 in Invocations
 27115 | D:15     | Reached skill level 10 in Shields
 27333 | D:7      | Killed Ulv's ghost
 27540 | Lair:5   | Entered Level 5 of the Lair of Beasts
 28104 | Lair:5   | Found a viscous altar of Jiyva.
 28104 | Lair:5   | Found a staircase to the Slime Pits.
 29017 | Lair:5   | Identified the +3 orcbow of Contention {heavy, rF+}
 29227 | Spider:1 | Entered Level 1 of the Spider Nest
 30657 | Spider:1 | Reached XP level 17. HP: 79/115 MP: 25/25
 30888 | Spider:1 | Incinerated by a sun moth

Illustrated notes

Levels and vault maps discovered:
D:1:      spicycebolla_arrival_risky_transporter, layout_basic, minmay_vboxes
D:2:      layout_rooms, minmay_randomly_rotated_circles
D:3:      layout_loops_corners, kennysheep_flooded_box, uniq_terence
D:4:      layout_cave_pools, uniq_robin, uniq_duvessa
D:5:      layout_loops_ring, mainiacjoe_overflow_alcove_3, minivault_26,
          uniq_prince_ribbit1
D:6:      layout_basic, minmay_temple_entry_stoned_glass, portal_sewer_entry_c,
          uniq_menkaure
D:7:      layout_gridville, lemuel_blue_sif_altar, kennysheep_mini,
          nzn_wu_jian_council_hall, gammafunk_ghost_nasty_kobolds,
          grunt_decor_cap
D:8:      layout_gridville, erik_lair_dragon, serial_shops,
          nicolae_shop_peninsula
D:9:      layout_roguey, gammafunk_temple_overflow_statue, orc_0_dummy
D:10:     layout_basic, enter_bailey_2, serial_shops, shop
D:11:     layout_basic, serial_shops, nicolae_shop_crystal,
          nicolae_shop_tiny_statue_garden, nicolae_shop_window_shopping,
          nicolae_shop_back_alley_shop
D:12:     layout_long_grid, nicolae_ashenzari_panopticon
D:13:     layout_loops_cross, nzn_hepliaklqana_mist_gate
D:14:     layout_gridville, hellmonk_vaults_attempted_burglary
D:15:     grunt_enter_depths_hoard, layout_small_grid, serial_undead,
          serial_undead_c, serial_undead_a, serial_undead_c, serial_undead_e,
          serial_undead_b, serial_undead_c, serial_undead_a, dk_noncrumbling_2,
          nicolae_trove_entry_columns, uniq_kirke, uniq_rupert
Temple:   nicolae_temple_ecumenical_triangle
Lair:1:   layout_cellular_growth, serial_bayou_shore_a
Lair:2:   layout_regular_city
Lair:3:   layout_hall_layers, palyth_hydra_swamp_entry,
          nicolae_spider_entry_non_spiders, grunt_megastairs_1
Lair:4:   layout_layer_cave, enter_volcano_4, portal_ice_cave_rime,
          minmay_hedge_maze
Lair:5:   grunt_lair_end_beastmaster, layout_misc_corridors,
          nicolae_slime_entry_slimehenge, special_room
          [special_room_mythical_zoo], minmay_stone_trees_small, ice2_lemuel,
          lemuel_fruit_fields
Spider:1: layout_spider_delve, hellmonk_narrow_tunnel
Orc:1:    layout_diamond_mine, uniq_josephine
Orc:2:    st_orc_open, layout_diamond_mine, statue_in_the_mist_lemuel,
          bloody_makhleb, uniq_erolcha, uniq_urug

Skill      XL: |  1  2  3  4  5  6  7  8  9 10 11 12 13 14 15 16 |
---------------+-------------------------------------------------+-----
Maces & Flails | 3 4 5 6 7 9 10 12 14 15 16 | 16.0
Fighting       | 4 5 6 7 9 11 12 13 14 15 16 | 16.2
Armour         | 4 5 7 8 10 11 12 14 | 14.1
Shields        | 4 5 6 8 9 11 | 11.3
Dodging        | 2 3 5 6 8 |  8.2
Invocations    | 1 5 6 8 9 11 | 11.3
Stealth        | 4 5 |  5.0

Action                     |  1- 3 |  4- 6 |  7- 9 | 10-12 | 13-15 | 16-18 || total
---------------------------+-------+-------+-------+-------+-------+-------++-------
  Melee: Flail             |   128 |   269 |   511 |   126 |       |       ||  1034
         Morningstar       |       |       |       |   387 |  1545 |   737 ||  2669
    Use: Scroll            |     2 |     4 |     6 |     6 |     6 |     3 ||    27
         Potion            |       |     1 |       |     3 |     5 |     1 ||    10
   Stab: Invisible         |       |       |       |     3 |       |       ||     3
         Petrified         |       |       |       |       |       |     4 ||     4
 Armour: Scale mail        |    82 |   259 |   475 |   359 |   634 |       ||  1809
         Chain mail        |       |       |       |       |   374 |   583 ||   957
  Dodge: Dodged            |    58 |   110 |   289 |   200 |   487 |   309 ||  1453
  Block: Buckler           |    20 |    43 |   140 |    76 |   701 |   490 ||  1470
         Reflection        |       |       |       |       |    15 |     9 ||    24
